NCAA
INDIANA HOOSIERS @ PITTSBURGH PANTHERS
04/18/2023
 
TOP OF THE 1ST
Indiana Hoosiers batting - Pitching for Pittsburgh Panthers : RHP Joe Shoemaker
Pitching: RHP Joe Shoemaker
Batting: LHB Dane Chapman 0-0: Called Strike
0-1: Swinging Strike
0-2: Strikes out swinging
Batting: RHB Jaime Morán 0-0: Foul Ball, location: 2F
0-1: Ball
1-1: Foul Ball, location: 2F
1-2: Ball
2-2: Ball
3-2: Strikes out looking
Batting: RHB Eric Knight 0-0: Swinging Strike
0-1: Foul Ball, location: 2F
0-2: Strikes out swinging
Top of the 1st over - 0 run(s), 0 hit(s), 0 error(s), 0 left on base; Indiana 0 - Pittsburgh 0
BOTTOM OF THE 1ST
Pittsburgh Panthers batting - Pitching for Indiana Hoosiers : RHP Cecil Carter
Pitching: RHP Cecil Carter
Batting: RHB Gerald Arnold 0-0: Swinging Strike
0-1: Ball
1-1: Ball
2-1: Foul Ball, location: 2F
2-2: Strikes out swinging
Batting: SHB Chet Johnston 0-0: SOLO HOME RUN (Flyball, 89XD), Distance : 366 ft
Batting: RHB León Rivera 0-0: Ball
1-0: Called Strike
1-1: Ball
2-1: Called Strike
2-2: Strikes out looking
Batting: LHB Mark Folger 0-0: Ball
1-0: Called Strike
1-1: Ball
2-1: Foul Ball, location: 2F
2-2: Ball
3-2: TRIPLE (Line Drive, 8LXD)
Batting: LHB Phil Neal 0-0: SINGLE (Groundball, 4MD)
Mark Folger scores
Batting: SHB Jacob Everett 0-0: Ball
1-0: Ground out 3-1 (Groundball, 34)
Bottom of the 1st over - 2 run(s), 3 hit(s), 0 error(s), 1 left on base; Indiana 0 - Pittsburgh 2
TOP OF THE 2ND
Indiana Hoosiers batting - Pitching for Pittsburgh Panthers : RHP Joe Shoemaker
Batting: LHB Marvin Morris 0-0: Ground out 1-3 (Groundball, 13)
Batting: SHB Cole Smith 0-0: Called Strike
0-1: Ball
1-1: Ball
2-1: Foul Ball, location: 2F
2-2: Ball
3-2: Foul Ball, location: 2F
3-2: Strikes out swinging
Batting: LHB Victor Reese 0-0: Ball
1-0: Swinging Strike
1-1: Ball
2-1: Swinging Strike
2-2: Strikes out swinging
Top of the 2nd over - 0 run(s), 0 hit(s), 0 error(s), 0 left on base; Indiana 0 - Pittsburgh 2
BOTTOM OF THE 2ND
Pittsburgh Panthers batting - Pitching for Indiana Hoosiers : RHP Cecil Carter
Batting: RHB Aaron Grizzle 0-0: Ball
1-0: Ball
2-0: SINGLE (Groundball, 6M)
Batting: RHB Damon McKay 0-0: Ball
1-0: Swinging Strike
1-1: Fly out, F3 (Popup, 3F)
Batting: RHB David Kerr 0-0: SINGLE (Groundball, 56D)
Aaron Grizzle to second
Batting: RHB Gerald Arnold 0-0: Called Strike
0-1: Ball
1-1: Fly out, F8 (Flyball, 8LM)
Batting: SHB Chet Johnston 0-0: Ball
1-0: Ball
2-0: Ground out 4-3 (Groundball, 4)
Bottom of the 2nd over - 0 run(s), 2 hit(s), 0 error(s), 2 left on base; Indiana 0 - Pittsburgh 2
TOP OF THE 3RD
Indiana Hoosiers batting - Pitching for Pittsburgh Panthers : RHP Joe Shoemaker
Batting: RHB William Benton 0-0: Fly out, F9 (Flyball, 9M)
Batting: LHB Arturo Álvarez 0-0: Ball
1-0: SINGLE (Groundball, 5S) (infield hit)
Batting: RHB Armando Bernard 0-0: Ball
Wild Pitch!
Arturo Álvarez to second
1-0: Ball
Arturo Álvarez steals 3rd base
2-0: Foul Ball, location: 2F
2-1: Ball
3-1: Called Strike
3-2: Strikes out swinging
Batting: LHB Dane Chapman 0-0: Called Strike
0-1: Swinging Strike
0-2: Ball
1-2: Foul Ball, location: 2F
1-2: Strikes out swinging
Top of the 3rd over - 0 run(s), 1 hit(s), 0 error(s), 1 left on base; Indiana 0 - Pittsburgh 2
BOTTOM OF THE 3RD
Pittsburgh Panthers batting - Pitching for Indiana Hoosiers : RHP Cecil Carter
Batting: RHB León Rivera 0-0: Ball
1-0: Foul Ball, location: 2F
1-1: Ball
2-1: Ball
3-1: Base on Balls
Batting: LHB Mark Folger 0-0: Ball
León Rivera is caught stealing 2nd base
1-0: Fly out, F8 (Flyball, 8LM)
Batting: LHB Phil Neal 0-0: Ball
1-0: Ball
2-0: Ball
3-0: Base on Balls
Batting: SHB Jacob Everett Pickoff Throw to First - Out!
Bottom of the 3rd over - 0 run(s), 0 hit(s), 0 error(s), 0 left on base; Indiana 0 - Pittsburgh 2
TOP OF THE 4TH
Indiana Hoosiers batting - Pitching for Pittsburgh Panthers : RHP Joe Shoemaker
Batting: RHB Jaime Morán 0-0: Called Strike
0-1: Called Strike
0-2: Ball
1-2: Ball
2-2: Strikes out swinging
Batting: RHB Eric Knight 0-0: Ball
1-0: DOUBLE (Groundball, 5L)
Batting: LHB Marvin Morris 0-0: Ball
1-0: Called Strike
1-1: Foul Ball, location: 2F
1-2: Fly out, F7 (Flyball, 7S)
Batting: SHB Cole Smith 0-0: Swinging Strike
0-1: Swinging Strike
0-2: Ball
1-2: Strikes out swinging
Top of the 4th over - 0 run(s), 1 hit(s), 0 error(s), 1 left on base; Indiana 0 - Pittsburgh 2
BOTTOM OF THE 4TH
Pittsburgh Panthers batting - Pitching for Indiana Hoosiers : RHP Cecil Carter
Batting: SHB Jacob Everett 0-0: Ball
1-0: Called Strike
1-1: Called Strike
1-2: Ball
2-2: Fly out, F8 (Flyball, 8RM)
Batting: RHB Aaron Grizzle 0-0: Ground out 6-3 (Groundball, 6M)
Batting: RHB Damon McKay 0-0: Ball
1-0: Ball
2-0: Ball
3-0: Called Strike
3-1: Fly out, F9 (Flyball, 9M)
Bottom of the 4th over - 0 run(s), 0 hit(s), 0 error(s), 0 left on base; Indiana 0 - Pittsburgh 2
TOP OF THE 5TH
Indiana Hoosiers batting - Pitching for Pittsburgh Panthers : RHP Joe Shoemaker
Batting: LHB Victor Reese 0-0: Ball
1-0: Ball
2-0: Ball
3-0: Base on Balls
Batting: RHB William Benton 0-0: Grounds into double play, U4-3 (Groundball, 4)
Batting: LHB Arturo Álvarez 0-0: Swinging Strike
0-1: Swinging Strike
0-2: Ball
1-2: Ball
2-2: Strikes out swinging
Top of the 5th over - 0 run(s), 0 hit(s), 0 error(s), 0 left on base; Indiana 0 - Pittsburgh 2
BOTTOM OF THE 5TH
Pittsburgh Panthers batting - Pitching for Indiana Hoosiers : RHP Cecil Carter
Batting: RHB David Kerr 0-0: Called Strike
0-1: Ball
1-1: Swinging Strike
1-2: Fly out, F7 (Flyball, 78S)
Batting: RHB Gerald Arnold 0-0: Called Strike
0-1: Foul Ball, location: 2F
0-2: Strikes out looking
Batting: SHB Chet Johnston 0-0: Reached on error, E1 (Groundball, 15)
Batting: RHB León Rivera 0-0: Ball
1-0: SINGLE (Flyball, 78S)
Chet Johnston to third
Batting: LHB Mark Folger 0-0: Ball
1-0: Ball
2-0: Ball
3-0: Base on Balls
León Rivera to second
Batting: LHB Phil Neal 0-0: Foul Ball, location: 2F
0-1: Foul Ball, location: 2F
0-2: Fielders Choice at 2nd, U6 (Groundball, 6M)
Bottom of the 5th over - 0 run(s), 1 hit(s), 1 error(s), 3 left on base; Indiana 0 - Pittsburgh 2
TOP OF THE 6TH
Indiana Hoosiers batting - Pitching for Pittsburgh Panthers : RHP Joe Shoemaker
Batting: RHB Armando Bernard 0-0: Swinging Strike
0-1: Swinging Strike
0-2: Ball
1-2: Ball
2-2: Strikes out swinging
Batting: LHB Dane Chapman 0-0: Called Strike
0-1: SINGLE (Flyball, 78S)
Batting: RHB Jaime Morán 0-0: Foul Ball, location: 2F
0-1: Ball
1-1: Ball
2-1: SINGLE (Groundball, 6MD)
Dane Chapman to second
Batting: RHB Eric Knight 0-0: Ball
1-0: Swinging Strike
1-1: Ball
2-1: Grounds into double play, 6-4-3 (Groundball, 6M)
Top of the 6th over - 0 run(s), 2 hit(s), 0 error(s), 1 left on base; Indiana 0 - Pittsburgh 2
BOTTOM OF THE 6TH
Pittsburgh Panthers batting - Pitching for Indiana Hoosiers : RHP Cecil Carter
Batting: SHB Jacob Everett 0-0: Called Strike
0-1: Called Strike
0-2: Ball
1-2: Ball
2-2: Foul Ball, location: 2F
2-2: Strikes out swinging
Batting: RHB Aaron Grizzle 0-0: Foul Ball, location: 2F
0-1: Called Strike
0-2: SINGLE (Groundball, 4D)
Pitching: RHP Juan Garza
Batting: RHB Damon McKay 0-0: Called Strike
0-1: Swinging Strike
0-2: Strikes out swinging
Batting: RHB David Kerr 0-0: Ball
1-0: SINGLE (Line Drive, 89S)
Aaron Grizzle to second
Batting: RHB Gerald Arnold 0-0: Foul Ball, location: 2F
0-1: Foul Ball, location: 2F
0-2: Ball
1-2: Ball
2-2: Foul Ball, location: 2F
2-2: Foul Ball, location: 2F
2-2: SINGLE (Flyball, 89S)
Aaron Grizzle to third
David Kerr to second
Batting: SHB Chet Johnston 0-0: Called Strike
0-1: Ball
1-1: Foul Ball, location: 2F
1-2: Ball
2-2: Foul Ball, location: 2F
2-2: Foul Ball, location: 2F
2-2: Foul Ball, location: 2F
2-2: Strikes out swinging
Bottom of the 6th over - 0 run(s), 3 hit(s), 0 error(s), 3 left on base; Indiana 0 - Pittsburgh 2
TOP OF THE 7TH
Indiana Hoosiers batting - Pitching for Pittsburgh Panthers : RHP Joe Shoemaker
Batting: LHB Marvin Morris 0-0: Ball
1-0: SINGLE (Line Drive, 89S)
Pitching: RHP Cisco Quintana
Batting: SHB Cole Smith 0-0: Foul Ball, location: 2F
0-1: Ball
1-1: Swinging Strike
1-2: Ball
2-2: Foul Ball, location: 2F
2-2: Ball
3-2: Foul Ball, location: 2F
3-2: Strikes out swinging
Batting: LHB Victor Reese 0-0: Swinging Strike
0-1: Ball
1-1: Ball
2-1: Ball
3-1: Fielders Choice at 2nd, 4-6 (Groundball, 4)
Batting: RHB William Benton 0-0: Called Strike
0-1: Ball
1-1: Swinging Strike
1-2: Ball
2-2: Ball
3-2: Base on Balls
Victor Reese to second
Batting: LHB Arturo Álvarez 0-0: Ball
1-0: Ball
2-0: Ball
3-0: Base on Balls
Victor Reese to third
William Benton to second
Pinch Hitting: RHB Gus Bryant 0-0: Called Strike
0-1: Swinging Strike
0-2: Ball
1-2: Strikes out swinging
Top of the 7th over - 0 run(s), 1 hit(s), 0 error(s), 3 left on base; Indiana 0 - Pittsburgh 2
BOTTOM OF THE 7TH
Pittsburgh Panthers batting - Pitching for Indiana Hoosiers : RHP Juan Garza
Now at 2B: Gus Bryant
Batting: RHB León Rivera 0-0: SINGLE (Line Drive, 78S)
Batting: LHB Mark Folger 0-0: Ball
León Rivera is caught stealing 2nd base
1-0: SOLO HOME RUN (Flyball, 8LXD), Distance : 391 ft
Batting: LHB Phil Neal 0-0: Fly out, F8 (Flyball, 8RM)
Batting: SHB Jacob Everett 0-0: Ball
1-0: Ground out 4-3 (Groundball, 4)
Bottom of the 7th over - 1 run(s), 2 hit(s), 0 error(s), 0 left on base; Indiana 0 - Pittsburgh 3
TOP OF THE 8TH
Indiana Hoosiers batting - Pitching for Pittsburgh Panthers : RHP Cisco Quintana
Batting: LHB Dane Chapman 0-0: Ball
1-0: Ball
2-0: Ball
3-0: Called Strike
3-1: Called Strike
3-2: Base on Balls
Pitching: RHP Steve Gandarilla
Batting: RHB Jaime Morán 0-0: Ball
1-0: Fly out, F9 (Flyball, 9S)
Batting: RHB Eric Knight 0-0: Ball
1-0: Ball
2-0: Called Strike
2-1: Ball
3-1: Base on Balls
Dane Chapman to second
Pitching: LHP Lee McConnell
Batting: LHB Marvin Morris 0-0: Ball
1-0: Ball
2-0: Swinging Strike
2-1: Ball
3-1: Base on Balls
Dane Chapman to third
Eric Knight to second
Pitching: RHP Adrian Murray
Batting: SHB Cole Smith 0-0: Ball
1-0: Called Strike
1-1: Called Strike
1-2: Strikes out looking
Pitching: LHP Mark Nelson
Batting: LHB Victor Reese 0-0: Ball
1-0: Foul Ball, location: 2F
1-1: Foul Ball, location: 2F
1-2: Fly out, F5 (Popup, 5D)
Top of the 8th over - 0 run(s), 0 hit(s), 0 error(s), 3 left on base; Indiana 0 - Pittsburgh 3
BOTTOM OF THE 8TH
Pittsburgh Panthers batting - Pitching for Indiana Hoosiers : RHP Juan Garza
Batting: RHB Aaron Grizzle 0-0: Ball
1-0: Ground out 4-3 (Groundball, 4)
Pitching: RHP Charles Piper
Batting: RHB Damon McKay 0-0: Ball
1-0: Ball
2-0: Ball
3-0: Base on Balls
Batting: RHB David Kerr 0-0: Ball
1-0: Foul Ball, location: 2F
1-1: Ball
2-1: Called Strike
2-2: Strikes out swinging
Batting: RHB Gerald Arnold 0-0: Called Strike
0-1: Ball
1-1: Ball
2-1: 2-RUN HOME RUN (Flyball, 7D), Distance : 364 ft
Batting: SHB Chet Johnston 0-0: Called Strike
0-1: Ball
1-1: Swinging Strike
1-2: Foul Ball, location: 2F
1-2: Ball
2-2: Foul Ball, location: 2F
2-2: Ground out 3-1 (Groundball, 34)
Bottom of the 8th over - 2 run(s), 1 hit(s), 0 error(s), 0 left on base; Indiana 0 - Pittsburgh 5
TOP OF THE 9TH
Indiana Hoosiers batting - Pitching for Pittsburgh Panthers : LHP Mark Nelson
Pitching: RHP Michael Donovan
Batting: RHB William Benton 0-0: Ball
1-0: Swinging Strike
1-1: Ball
2-1: Ball
3-1: Base on Balls
Batting: LHB Arturo Álvarez 0-0: Called Strike
0-1: Fly out, F7 (Flyball, 7LS)
Batting: RHB Gus Bryant 0-0: Ball
1-0: Ball
2-0: Ball
3-0: Called Strike
3-1: Swinging Strike
3-2: Strikes out swinging
Batting: LHB Dane Chapman 0-0: Called Strike
0-1: Ball
1-1: Ball
2-1: Foul Ball, location: 2F
2-2: Foul Ball, location: 2F
2-2: Foul Ball, location: 2F
2-2: Foul Ball, location: 2F
2-2: Strikes out swinging
Top of the 9th over - 0 run(s), 0 hit(s), 0 error(s), 1 left on base; Indiana 0 - Pittsburgh 5
This league is powered by Out of the Park Baseball, the baseball management simulation game for PC, Mac and Linux
Wednesday, December 2nd, 2015 - OOTP Baseball 16.8 Build 38